 Dungeon Crawl Stone Soup version 0.28.0-1-gb440e238dd (webtiles) character file.

Game seed: 1555935353698401714

88 Ijustatesigmund the Skirmisher (level 4, -2/32 HPs)
             Began as an Octopode Fighter on Feb 24, 2022.
             Slain by a gnoll (5 damage)
             ... on level 4 of the Dungeon.
             The game lasted 00:02:24 (2081 turns).

Ijustatesigmund the Skirmisher (Octopode Fighter)   Turns: 2081, Time: 00:02:24

Health: -2/32      AC:  1    Str: 17    XL:     4   Next: 53%
Magic:  4/4        EV: 13    Int: 10    God:
Gold:   83         SH:  4    Dex: 11    Spells: 3/3 levels left

rFire   . . .      SeeInvis .   a - +0 war axe
rCold   . . .      Faith    .   b - +0 buckler
rNeg    . . .      Spirit   .   (helmet restricted)
rPois   .          Reflect  .   (no amulet)
rElec   .          Harm     .   (no ring)
rCorr   .          Rampage  .   (no ring)
Will    .....                   (no ring)
Stlth   ++........              (no ring)
HPRegen 0.10/turn               (no ring)
MPRegen 0.09/turn               (no ring)
                                (no ring)
                                (no ring)

@: flying
A: almost no armour, amphibious, 8 rings, camouflage 1, gelatinous body 1,
(nimble swimmer 1), tentacles
a: no special abilities


You were on level 4 of the Dungeon.
You visited 1 branch of the dungeon, and saw 4 of its levels.

You collected 83 gold pieces.

Inventory:

Hand Weapons
 a - a +0 war axe (weapon)
Armour
 b - a +0 buckler (worn)
Scrolls
 d - a scroll of magic mapping
Potions
 c - a potion of might
 e - a potion of curing {unknown}
 f - a potion of haste {unknown}
 g - 2 potions of flight
 h - a potion of mutation {unknown}
 i - a potion of resistance {unknown}
 j - a potion of ambrosia {unknown}


   Skills:
 + Level 3.6 Fighting
 + Level 2.9 Axes
 + Level 3.6 Dodging
 + Level 3.6 Shields


You had 3 spell levels left.
You didn't know any spells.
Your spell library contained the following spells:

 Spells                   Type           Power      Damage    Failure   Level
 Animate Skeleton         Necr           0%         N/A       45%         1
 Apportation              Tloc           0%         N/A       45%         1
 Summon Small Mammal      Summ           0%         N/A       45%         1


Dungeon Overview and Level Annotations

Branches:
Dungeon (4/15)
 Temple: D:4-7

Altars:
Xom

Shops:
D:2 *[


Innate Abilities, Weirdness & Mutations

You cannot wear most types of armour.
You are amphibious.
You can wear up to eight rings at the same time.
Your skin changes colour to match your surroundings (Stealth+).
Your rubbery body absorbs attacks. (AC +1, EV +1)
((You are camouflaged when in or above water. (Stealth+)))
You have tentacles for arms and can constrict up to eight enemies at once.


Message History

The worm is moderately wounded.
You constrict the worm.
A dart slug comes into view.
The worm completely misses you.
You hit the worm.
The worm is severely wounded.
You constrict the worm. You hit the worm but do no damage.
The worm is almost dead.
You constrict the worm.
You kill the worm!
The gnoll hits you from afar with a +0 halberd!
You slash the gnoll! Your grab misses the gnoll. You tentacle-slap the gnoll.
You squeeze the gnoll.
You kill the gnoll!
The gnoll completely misses you.
You hit the gnoll but do no damage. You grab the gnoll.
You constrict the gnoll. You block the gnoll's attack.
The gnoll hits you with a +0 whip.
The gnoll hits you from afar with a +0 halberd!
* * * LOW HITPOINT WARNING * * *
You are too injured to fight recklessly!
You are too injured to fight recklessly!
There are monsters nearby!
It was a potion of flight.
You feel very buoyant.
You fly up into the air.
You constrict the gnoll. The gnoll hits you with a +0 whip.
* * * LOW HITPOINT WARNING * * *
The gnoll closely misses you.
You release your grip on the gnoll.
There is a stone staircase leading down here.
The gnoll barely misses you. x2
You fly downwards.
Found a scroll labelled FOISER WAWOIPH.
There is a stone staircase leading up here.
You slash the gnoll! Your grab misses the gnoll.
The gnoll is severely wounded.
The gnoll hits you with a +0 whip.
You die...

#######
#.....#
#.....#
###.....#
........#
.......g#
.......@#
........#
........#
##?......
.........
##........
...#######
.##


You could see a gnoll.

Vanquished Creatures
  A gnoll (D:3)
  2 adders
  A worm (D:3)
  2 dart slugs (D:1)
  An orc (D:3)
  4 ball pythons
  4 bats
  6 endoplasms
  3 goblins
  8 hobgoblins
  2 jackals (D:1)
  4 quokkas
  2 frilled lizards
  A kobold (D:1)
  7 rats
48 creatures vanquished.

Vanquished Creatures (others)
  7 plants (D:1)
  9 withered plants (D:1)
16 creatures vanquished.

Grand Total: 64 creatures vanquished

Notes
Turn   | Place    | Note
-------+----------+-------------------------------------------
     0 | D:1      | Ijustatesigmund the Octopode Fighter began the quest for
                  | the Orb.
     0 | D:1      | Reached XP level 1. HP: 16/16 MP: 1/1
    58 | D:1      | Reached XP level 2. HP: 12/21 MP: 2/2
   315 | D:1      | You fall into a shaft and drop 1 floor!
   334 | D:1      | Reached XP level 3. HP: 25/26 MP: 3/3
   548 | D:1      | Found a faded altar of an unknown god.
   959 | D:2      | Found Difunios's Armour Shoppe.
   979 | D:2      | Found Gealoyfan's General Store.
  1029 | D:2      | Found a shimmering altar of Xom.
  1716 | D:2      | Reached XP level 4. HP: 20/31 MP: 4/4
  2081 | D:4      | Slain by a gnoll

Illustrated notes

Levels and vault maps discovered:
D:1:      psy_arrival_dodecagon, layout_basic,
          shapermc_ecumenical_altar_flowoftime, minmay_misc_feat_cross
D:2:      layout_basic, basic_altar, serial_shops, shop_fountains,
          nicolae_diamond_shop, minmay_hedge_maze
D:3:      layout_rooms, nicolae_figureground_pulse
D:4:      layout_rooms

Action                   |  1- 3 |  4- 6 || total
-------------------------+-------+-------++-------
Melee: War axe           |    80 |    18 ||    98
       Constrict         |    22 |     3 ||    25
       Tentacles         |    11 |     1 ||    12
       Punch             |       |     1 ||     1
  Use: Scroll            |     4 |       ||     4
       Potion            |       |     1 ||     1
 Stab: Sleeping          |     5 |     2 ||     7
Armor: Skin              |     8 |     1 ||     9
Dodge: Dodged            |    39 |    11 ||    50
Block: Buckler           |    12 |     5 ||    17
